 Dungeon Crawl Stone Soup version 0.18.1-50-g88ac8fd (webtiles) character file.

154 ololoev the Chopper (level 5, 11/63 HPs)
             Began as a Demonspawn Berserker on Oct 28, 2016.
             Was a Believer of Trog.
             Quit the game on level 5 of the Dungeon.
             The game lasted 00:02:29 (464 turns).

ololoev the Chopper (Demonspawn Berserker)           Turns: 464, Time: 00:02:29

Health: 11/63      AC:  3    Str: 23    XL:     5   Next: 13%
Magic:  5/5        EV: 12    Int:  9    God:    Trog [**....]
Gold:   67         SH:  0    Dex: 12    Spells: 0 memorised, 4 levels left

rFire  . . .     SeeInvis .     a - +0 hand axe
rCold  . . .     Gourm    .     b - +0 animal skin
rNeg   . . .     Faith    .     (no shield)
rPois  +         Spirit   .     (no helmet)
rElec  .         Dismiss  .     i - +0 cloak {rPois}
rCorr  .         Reflect  .     (no gloves)
SustAt .         Harm     .     (no boots)
MR     .....                    (no amulet)
Stlth  ..........               (no ring)
                                (no ring)

@: berserking (expiring), very quick, not resistant to hostile enchantments,
extremely unstealthy
A: talons 1, rot immunity
a: Berserk, Trog's Hand, Burn Spellbooks, Renounce Religion


Innate Abilities, Weirdness & Mutations

You have sharp toenails.
You are immune to rotting.

Inventory:

Hand Weapons
 a - a +0 hand axe (weapon)
Armour
 b - a +0 animal skin (worn)
 i - a +0 cloak of poison resistance (worn)
Jewellery
 l - an uncursed amulet of harm {unknown}
Scrolls
 e - 3 scrolls of identify {unknown}
 f - a scroll of remove curse {unknown}
 m - 2 scrolls of fear {unknown}
Potions
 g - a potion of ambrosia {unknown}
 h - 2 potions of haste {unknown}
 j - a potion of berserk rage {unknown}
 k - a potion of agility {unknown}
 n - a potion of invisibility {unknown}
 o - a potion of magic {unknown}
Comestibles
 c - 4 bread rations
 d - 3 fruits


   Skills:
 + Level 4.0 Fighting
 * Level 4.0 Axes
 + Level 2.9 Armour
 - Level 1.7 Dodging


You had 4 spell levels left.
You didn't know any spells.


You were on level 5 of the Dungeon.
You worshipped Trog.
Trog was pleased with you.
You were hungry.

You visited 1 branch of the dungeon, and saw 5 of its levels.

You collected 67 gold pieces.

.####..#
#..
.......####
#.##
.###......#
#.#
.......##.#
#.#
####.####.#
#.# #. #.#
#.# #.
#.######.##
#.
#.......).#
########@.#
#....#
...#.#
###.# # .#
.# .# .#

Notes
Turn   | Place    | Note
--------------------------------------------------------------
     0 | D:1      | ololoev the Demonspawn Berserker began the quest for the Orb.
     0 | D:1      | Reached XP level 1. HP: 18/18 MP: 1/1
   136 | D:1      | Gained mutation: You have sharp toenails. [demonic ancestry]
   136 | D:1      | Reached XP level 2. HP: 16/24 MP: 2/2
   340 | D:3      | You fall through a shaft for 3 floors!
   347 | D:6      | Noticed a phantom
   360 | D:6      | Found a sparkling altar of Nemelex Xobeh.
   371 | D:6      | Noticed a crimson imp
   381 | D:5      | Entered Level 5 of the Dungeon
   392 | D:5      | Killed a crimson imp
   392 | D:5      | Reached ** piety under Trog
   392 | D:5      | Gained mutation: You are immune to rotting. [demonic ancestry]
   392 | D:5      | Reached XP level 3. HP: 10/29 MP: 3/3
   461 | D:5      | Reached XP level 4. HP: 9/37 MP: 4/4
   462 | D:5      | Reached XP level 5. HP: 11/42 MP: 5/5
   464 | D:5      | Quit the game

Dungeon Overview and Level Annotations

Branches:
Dungeon (6/15)
 Temple: D:4-7

Altars:
Nemelex Xobeh


Message History

Increase (S)trength, (I)ntelligence, or (D)exterity?
You feel stronger.
Your demonic ancestry asserts itself...
You feel immune to rotting.
o - a sedimented coppery potion You feel a strong urge to attack something.
You are too berserk!
You feel your anger subside.
You are no longer berserk.
You are exhausted.
You feel yourself slow down.
You are near starving!
You now have 67 gold pieces (gained 11).
Use which ability? (? or * to list)
Your skin crawls.
You feel resistant to hostile enchantments.
You feel slightly more hungry.
You can no longer call upon Trog for regeneration and protection from hostile enchantments.
Eat which item? (? for menu, Esc to quit)
You can't eat that!
Eat which item? (? for menu, Esc to quit)
Mmm...
Ham and pineapple.
You feel the effects of Trog's Hand fading.
Your skin stops crawling.
You feel less resistant to hostile enchantments.
You feel yourself speed up.
m - 2 scrolls labeled MIOPY RUDIAGE (gained 1)
You feel less exhausted.
l - a thick crystal amulet
c - 4 bread rations (gained 1)
An orc, an orc priest and a zombie come into view.
The orc priest shouts!
The orc shouts!
You hear a shout! x2
The centaur zombie hits you.
Use which ability? (? or * to list)
A red film seems to cover your vision as you go berserk!
You feel yourself moving faster!
You feel mighty!
You are feeling hungry.
The centaur zombie hits you.
An orc comes into view. It is wielding a hand axe.
You slash the centaur zombie! You claw the centaur zombie. You slash the orc!
You kill the orc!
Trog accepts your kill. The centaur zombie hits you!
An orc priest comes into view. It is wielding a club.
Unknown command.
You closely miss the orc priest. Your kick misses the orc priest.
You hit the centaur zombie. You hit the orc.
The orc is lightly wounded.
The centaur zombie hits you but does no damage.
The orc priest looks braver for a moment.
Unknown command.
You hit the orc priest. Your kick misses the orc priest.
The orc priest is lightly wounded.
You hit the centaur zombie. You closely miss the orc.
The orc is lightly wounded.
The orc priest invokes the aid of Beogh against you.
Pain shoots through your body! The orc hits you with a hand axe.
The centaur zombie hits you.
You barely miss the orc priest.
The orc priest is lightly wounded.
You slash the orc!
You kill the orc!
Trog accepts your kill.
You completely miss the centaur zombie. The orc priest misses you.
The centaur zombie hits you.
You slash the orc priest!
You kill the orc priest!
Trog accepts your kill.
You can now call upon Trog for regeneration and protection from hostile enchantments.
You have reached level 4!
You feel clever.
You slash the centaur zombie!
You destroy the centaur zombie!
You slash the orc priest! You claw the orc priest.
You kill the orc priest!
Trog accepts your kill.
Your Fighting skill increases to level 4!
Your Axes skill increases to level 4!
You have reached level 5!
Items here: )) [ †† a club; a hand axe; a leather armour; an orc corpse x2
Are you sure you want to abandon this character and quit the game? (Confirm with "yes".)

There were no monsters in sight!

Vanquished Creatures
  A crimson imp (D:5)
  A centaur zombie (D:5)
  2 orc priests (D:5)
  A worm (D:2)
  A dart slug (D:1)
  2 giant geckos (D:1)
  2 orcs (D:5)
  A giant cockroach (D:1)
  A goblin (D:3)
  2 hobgoblins
  A quokka (D:3)
  A bat (D:1)
  A giant newt (D:1)
  2 kobolds (D:1)
  5 rats
24 creatures vanquished.

Action                   |  1- 3 |  4- 6 || total
-------------------------+-------+-------++-------
Melee: Hand axe          |    62 |     1 ||    63
       Kick              |     8 |     1 ||     9
Invok: Berserk           |     4 |       ||     4
       Trog's Hand       |     1 |       ||     1
Evoke: Deck              |     4 |       ||     4
 Stab: Sleeping          |     1 |       ||     1
  Eat: Pizza             |     1 |       ||     1
Armor: Animal skin       |     8 |       ||     8
Dodge: Dodged            |    43 |       ||    43

Vault maps used:
D:1:      erik_arrival_cave_to_civilisation, minmay_misc_feat_x
D:3:      nicolae_qazlal_eye_of_the_storm, marbit_many_paths, first_bread
D:5:      kennysheep_vampire_church
D:6:      nemelex_deck, kennysheep_little_box, vehumet_altar_wand_db,
          uniq_blork_the_orc
